 Dungeon Sprint DCSS version 0.31-a0-632-g766dd24fdf (webtiles) character file.

Game seed: 9553340685331391073

135 sircluck the Chopper (level 5, -5/46 HPs)
             Began as a Human Berserker on Aug 25, 2023.
             Was an Elder of Trog.
             Killed from afar by a white imp (7 damage)
             ... with a puff of frost
             ... in the Dungeon (Sprint VII: "The Pits").
             The game lasted 00:01:21 (365 turns).

sircluck the Chopper (Human Berserker)               Turns: 365, Time: 00:01:22

Health: -5/46      AC:  0    Str: 20    XL:     5   Next: 42%
Magic:  5/5        EV: 13    Int:  7    God:    Trog [****..]
Gold:   0          SH:  0    Dex: 12    Spells: 4/4 levels left

rFire   . . .        o - +2 hand axe (heavy)
rCold   . . .        (no shield)
rNeg    . . .        (no body armour)
rPois   .            (no helmet)
rElec   .            (no cloak)
rCorr   .            (no gloves)
SInv    .            (no boots)
Will    .....        (no amulet)
Stlth   +            (no ring)
HPRegen 0.27/turn    (no ring)
MPRegen 0.09/turn

%: no teleportation
@: no status effects
A: no striking features
a: Renounce Religion, Berserk, Trog's Hand, Brothers in Arms


You were in the Dungeon.
You worshipped Trog.
Trog was greatly pleased with you.
You visited 1 branch

Inventory:

Hand Weapons
 a - a +0 hand axe
 m - a +2 hand axe
 o - a +2 heavy hand axe (weapon)
Missiles
 l - 10 stones
Armour
 b - a +0 animal skin
 n - a +3 scale mail
Scrolls
 h - a scroll of blinking
 j - 2 scrolls of vulnerability
 k - a scroll of summoning
Potions
 c - 6 potions of curing
 d - 6 potions of heal wounds
 e - a potion of haste
 f - 4 potions of magic
 g - 3 potions of berserk rage
 i - 2 potions of invisibility


   Skills:
 + Level 5.7 Fighting
 + Level 5.7 Axes
 + Level 5.2 Armour
 + Level 5.2 Dodging


You had 4 spell levels left.
You didn't know any spells.
Your spell library was empty.

Dungeon Overview and Level Annotations

Branches:
Dungeon (1/1)

Altars:
Ashenzari
Cheibriados
Dithmenos
Elyvilon
Fedhas
Gozag
Hepliaklqana
Kikubaaqudgha
Makhleb
Nemelex Xobeh
Okawaru
Qazlal
Ru
Sif Muna
Trog
Uskayaw
Vehumet
Wu Jian
Xom
Yredelemnul
Zin
The Shining One
Jiyva
Lugonu


Message History

There is an open door here.
The crimson imp grinds its teeth.
The river rat bites you!
The crimson imp blinks!
The river rat attacks as it pursues you!
The river rat bites you!
The crimson imp blinks!
The river rat attacks as it pursues you!
The river rat bites you.
* * * LOW HITPOINT WARNING * * *
You see here a frilled lizard skeleton.
The crimson imp barely misses you.
There is an open door to the Storerooms (Easy) here.
The crimson imp attacks as it pursues you!
The crimson imp closely misses you.
Unknown command.
You barely miss the crimson imp. The crimson imp hits you.
* * * LOW HITPOINT WARNING * * *
You closely miss the crimson imp. You slash the river rat!
The crimson imp hits you.
* * * LOW HITPOINT WARNING * * *
The river rat bites you.
* * * LOW HITPOINT WARNING * * *
The crimson imp closely misses you.
Unknown command.
You closely miss the crimson imp. You slash the river rat!
You kill the river rat!
Trog accepts your kill. The crimson imp closely misses you.
You closely miss the crimson imp. You slash the phantom!
The crimson imp barely misses you. The phantom barely misses you.
The crimson imp hits you.
* * * LOW HITPOINT WARNING * * *
You completely miss the crimson imp. You hit the white imp.
You hit the phantom but do no damage. The phantom misses you.
The crimson imp hits you.
* * * LOW HITPOINT WARNING * * *
The white imp gestures at you. The puff of frost hits you!
You die...

############ #_________.#
#_________.#
#_______...###########++######
##########'##................#
#.?..')))'.##......#..#......#
##########.##5...............+
#.........÷.'5@..............+
#§#####'#####W.....#..#......#
#.#..#÷.#..##................#
#.#..)..#).#####'#####++######
#W#..####))##.......#
#5#..#..#))##.......#
#.#..#..#.[##.......#
#.##'#..#'###...<...#
#.#..).....##.......#


You could see a phantom, a crimson imp and a white imp.

Vanquished Creatures
  A floating eye (D)
  2 river rats (D)
  3 goblins (D)
  A hobgoblin (D)
  4 jackals (D)
  2 ball pythons (D)
  A frilled lizard (D)
14 creatures vanquished.

Notes
Turn   | Place    | Note
-------+----------+-------------------------------------------
     0 | D        | sircluck the Human Berserker began the quest for the Orb.
     0 | D        | Reached XP level 1. HP: 18/18 MP: 1/1
    69 | D        | Found a bloodstained altar of Trog.
    69 | D        | Found a shimmering blue altar of Sif Muna.
    69 | D        | Found a viscous altar of Jiyva.
    69 | D        | Found a hazy altar of Hepliaklqana.
    69 | D        | Found an opulent altar of Gozag.
    70 | D        | Found a glowing golden altar of the Shining One.
    70 | D        | Found a glowing silver altar of Zin.
    70 | D        | Found a basalt altar of Yredelemnul.
    70 | D        | Found a shimmering altar of Xom.
    70 | D        | Found an ornate altar of the Wu Jian Council.
    70 | D        | Found a sacrificial altar of Ru.
    70 | D        | Found a stormy altar of Qazlal.
    70 | D        | Found an iron altar of Okawaru.
    70 | D        | Found a sparkling altar of Nemelex Xobeh.
    70 | D        | Found a burning altar of Makhleb.
    70 | D        | Found a blossoming altar of Fedhas.
    70 | D        | Found a white marble altar of Elyvilon.
    70 | D        | Found a shadowy altar of Dithmenos.
    70 | D        | Found a snail-covered altar of Cheibriados.
    74 | D        | Found a corrupted altar of Lugonu.
    74 | D        | Found a radiant altar of Vehumet.
    75 | D        | Found a broken altar of Ashenzari.
    75 | D        | Found an ancient bone altar of Kikubaaqudgha.
    75 | D        | Found a hide-covered altar of Uskayaw.
    86 | D        | Noticed a floating eye
    90 | D        | Paralysed by a floating eye for 2 turns
    92 | D        | Killed a floating eye
    93 | D        | Reached skill level 5 in Fighting
    93 | D        | Reached skill level 5 in Axes
    93 | D        | Reached XP level 2. HP: 26/27 MP: 2/2
    93 | D        | Reached XP level 3. HP: 32/33 MP: 3/3
    93 | D        | Reached XP level 4. HP: 37/39 MP: 4/4
    93 | D        | Reached XP level 5. HP: 42/44 MP: 5/5
    99 | D        | Reached ** piety under Trog
   100 | D        | Reached skill level 5 in Armour
   100 | D        | Reached skill level 5 in Dodging
   242 | D        | Reached *** piety under Trog
   254 | D        | Reached **** piety under Trog
   335 | D        | Noticed a phantom
   364 | D        | HP: 2/46 [crimson imp (3)]
   365 | D        | Killed from afar by a white imp

Illustrated notes

Levels and vault maps discovered:
D:        pitsprint [storerooms_1, entrance_room_1, metal_vault_8, armoury_2,
          mini_pit_1, grid_room_1, main_hall_1, silver_pit, the_coven_3,
          the_vestibule_1, steel_vault_4, golden_pit, hallway_of_sentries,
          crystal_vault_1, iron_vault_2, final_vault]

Skill      XL: |  1  2  3  4  5 |
---------------+----------------+-----
Fighting       | 5 |  5.7
Axes           | 5 |  5.7
Armour         | 4 5 |  5.2
Dodging        | 4 5 |  5.2

Action                     |  1- 3 |  4- 6 || total
---------------------------+-------+-------++-------
  Melee: Hand axe          |     7 |    38 ||    45
 Armour: Animal skin       |     2 |     3 ||     5
  Dodge: Dodged            |     4 |    28 ||    32

Table legend: (Time is in decaauts)
 A = Elapsed time spent in this place.
 B = Non-inter-level travel time spent in this place.
 C = Inter-level travel time spent in this place.
 D = Time resting spent in this place.
 E = Time spent auto-exploring this place.
 F = Levels seen in this place.
 G = Mean time per level.
                   A        B        C        D        E       F      G
               +--------+--------+--------+--------+--------+-----+--------+
         Total |    369 |    369 |      0 |    121 |     59 |   1 |  369.0 |
       Dungeon |    369 |    369 |      0 |    121 |     59 |   1 |  369.0 |
               +--------+--------+--------+--------+--------+-----+--------+

Top non-repeatable levels by time:
       D: 369 daAuts
